 Dungeon Crawl Stone Soup version 0.23-a0-293-g65bf2d1 (webtiles) character file.

41664 no the Executioner (level 13, -1/113 HPs)
             Began as a Minotaur Monk on Oct 4, 2018.
             Was a High Priest of Trog.
             Slain by a manticore (10 damage)
             ... on level 14 of the Dungeon.
             The game lasted 00:22:12 (15161 turns).

no the Executioner (Minotaur Monk)                 Turns: 15161, Time: 00:22:13

Health: -1/113     AC: 12    Str: 19    XL:     13   Next: 81%
Magic:  4/4        EV: 10    Int: 14    God:    Trog [*****.]
Gold:   661        SH: 13    Dex: 15    Spells: 12/12 levels left

rFire    + + .     SeeInvis .   q - +2 war axe (antimagic)
rCold    . . .     Gourm    .   D - +1 shield
rNeg     + . .     Faith    .   n - +0 chain mail of Momief {*Corrode rF++ Int+7 Slay+3} (curse)
rPois    .         Spirit   .   A - +2 hat
rElec    .         Reflect  .   k - +0 cloak
rCorr    .         Harm     .   K - +0 pair of gloves
MR       .....                  B - +0 pair of boots
Stlth    ..........             (no amulet)
HPRegen  0.28/turn              J - ring of stealth
MPRegen  0.09/turn              g - ring of positive energy

@: about to teleport, barbed spikes, corroded, very slightly contaminated
A: retaliatory headbutt, horns 2
a: Berserk, Trog's Hand, Brothers in Arms, Renounce Religion


You were on level 14 of the Dungeon.
You worshipped Trog.
Trog was extremely pleased with you.
You were not hungry.

You visited 1 branch of the dungeon, and saw 14 of its levels.
You also visited: Bailey.

You collected 887 gold pieces.
You spent 226 gold pieces at shops.

Inventory:

Hand Weapons
 a - a +2 executioner's axe of pain
 f - a +6 hand axe of flaming
 q - a +2 antimagic war axe (weapon)
 y - a +0 broad axe
 G - the +9 hunting sling "Gamal" {velocity, -Tele rN+ MR+ Str+2}
   (You found it on level 6 of the Dungeon)

   Any stone fired from it inflicts extra damage.
   It affects your strength (+2).
   It protects you from negative energy.
   It affects your resistance to hostile enchantments.
   It prevents most forms of teleportation.
Missiles
 d - 2 tomahawks of returning (quivered)
 H - 94 sling bullets
Armour
 k - a +0 cloak (worn)
 n - the cursed +0 chain mail of Momief (worn) {*Corrode rF++ Int+7 Slay+3}
   (You found it on level 13 of the Dungeon)

   It affects your intelligence (+7).
   It affects your accuracy and damage with ranged weapons and melee attacks
   (+3).
   It greatly protects you from fire.
   It may corrode you when you take damage.
   It has a curse placed upon it.
 v - +0 fire dragon scales
 A - a +2 hat (worn)
 B - a +0 pair of boots (worn)
 D - a +1 shield (worn)
 K - a +0 pair of gloves (worn)
Jewellery
 b - the macabre finger necklace {rN+}
   (You found it on level 12 of the Dungeon)

   [amulet of nothing]

   It protects you from negative energy.
 g - a ring of positive energy (right hand)
 h - the ring of Gin and Tonic {rPois rC- MP+9 AC+2 Str+5, unknown}
   (You took it off a meliai on level 13 of the Dungeon)

   [ring of protection]

   It affects your AC (+2).
   It affects your strength (+5).
   It makes you vulnerable to cold.
   It protects you from poison.
   It affects your magic capacity (+9).
 J - a ring of stealth (left hand)
 P - the ring of Tempters {+Blink rC+ Dex+8 Slay-4}
   (You found it on level 9 of the Dungeon)

   [ring of protection from cold]

   It affects your dexterity (+8).
   It affects your accuracy and damage with ranged weapons and melee attacks
   (-4).
   It protects you from cold.
   It lets you blink.
Wands
 F - a wand of flame (30)
 N - a wand of polymorph (11)
Scrolls
 e - 2 scrolls of blinking
 j - 5 scrolls of fear
 l - 4 scrolls of enchant armour
 m - 4 scrolls of teleportation
 p - 4 scrolls of immolation
 s - 8 scrolls of remove curse
 u - 3 scrolls of noise
 I - a scroll of magic mapping
 L - 2 scrolls of amnesia
 M - 4 scrolls of enchant weapon
 Q - a scroll of fog
Potions
 i - 2 potions of flight
 o - 2 potions of agility
 r - 5 potions of curing
 t - 2 potions of mutation
 C - a potion of might
 E - 3 potions of magic
 O - 2 potions of brilliance
 R - a potion of ambrosia
 T - a potion of lignification
Comestibles
 c - 26 rations
 x - 6 chunks of flesh


   Skills:
 - Level 10.3 Fighting
 * Level 21.1 Axes
 - Level 7.2 Armour
 - Level 7.3 Dodging
 - Level 1.5 Stealth
 - Level 10.0 Shields
 - Level 1.4 Evocations


You had 12 spell levels left.
You didn't know any spells.
Your spell library contained the following spells:

 Spells                   Type           Power        Failure   Level  Hunger
 Beastly Appendage        Tmut           #.....       99%         1    ##.....
 Sticks to Snakes         Tmut           #.......     100%        2    ###....
 Spider Form              Tmut/Pois      #.........   100%        3    ####...
 Ice Form                 Ice/Tmut       #.......     100%        4    #####..
 Blade Hands              Tmut           #.........   100%        5    ######.
 Irradiate                Conj/Tmut      #.........   100%        5    ######.
 Hydra Form               Tmut           #.........   100%        6    #######
 Statue Form              Tmut/Erth      #........    100%        6    #######
 Dragon Form              Tmut           #.........   100%        7    #######


Dungeon Overview and Level Annotations

Branches:
Dungeon (14/15)            Temple (0/1) D:6            Lair (0/6) D:8
    Orc (0/2) D:9          Vaults (0/5) D:13

Altars:
Cheibriados
Dithmenos
Elyvilon
Fedhas
Hepliaklqana
Kikubaaqudgha
Makhleb
Qazlal
Ru
Trog
Uskayaw
Vehumet
Wu Jian
The Shining One

Shops:
D:7 !   D:11 (=*=   D:13 (}}=:


Innate Abilities, Weirdness & Mutations

You reflexively headbutt those who attack you in melee.
You have a pair of horns on your head.


Message History

Okay, then.
Blink to where?
Press: ? - help, Dir - move target cursor You are very lightly contaminated with residual magic.
As you read the scroll of blinking, it crumbles to dust.
* * * LOW HITPOINT WARNING * * *
You feel sick. The manticore bites you.
* * * LOW HITPOINT WARNING * * *
The manticore claws you but does no damage.
You block the manticore's attack.
You feel better. The manticore closely misses you. You furiously retaliate!
You headbutt the manticore, but do no damage.
The manticore claws you.
* * * LOW HITPOINT WARNING * * *
You block the manticore's attack.
Unknown command.
As you read the scroll of teleportation, it crumbles to dust.
You feel strangely unstable. You block the manticore's attack.
The manticore claws you!
You die...

......(..# .$. .........##..
..........'. .... ..........##
...## ...........#######
#....###### .................##
....# ..... .....y(...........#
....# ..... ....cc####.....)..##
z.. .....
.....e#..#......@H.###'###.......
.....Z#..###''###..(D§lR§§§§.....
.....)#.........#..##########....
....))#.........#..#........#####
....#+#..Z......#..#.............
....#(...)....###..#.............
....#########.#....#.............
............(##....#.............
...................#...........##


You could see an ice dragon, a manticore, an efreet and a wyvern.

Vanquished Creatures
  An orc warlord (Bailey)
  Snorg (D:14)
  A hydra (D:13)
  8 vault guards (D:13)
  4 centaur warriors
  12 two-headed ogres
  2 unseen horrors (D:10)
  A deep elf mage (D:13)
  A manticore (D:14)
  2 cyclopes (D:11)
  3 ugly things
  4 centaur zombies
  A gargoyle (D:14)
  3 komodo dragons
  A kobold demonologist (D:14)
  A meliai (D:13)
  3 trolls
  A hornet (D:14)
  2 hippogriffs
  3 slime creatures (D:12)
  7 wyverns
  24 yaks
  2 shadows (D:14)
  3 hungry ghosts
  A basilisk (D:8)
  A human (D:11)
  3 steam dragons
  Menkaure (D:5)
  2 acid dragons
  Edmund (D:6)
  Duvessa (D:6)
  6 black bears
  3 sky beasts
  3 phantoms
  18 orc warriors
  3 ice beasts
  6 ogres
  4 centaurs
  11 bullfrogs
  Dowan (D:6)
  A wyvern skeleton (D:6)
  5 scorpions
  11 killer bees
  9 wights
  3 howler monkeys
  8 crimson imps
  A bullfrog zombie (D:11)
  A quasit (D:7)
  11 hounds
  9 orc priests
  A jelly (D:6)
  4 centaur skeletons
  2 iguanas
  2 bullfrog skeletons
  13 orc wizards
  5 worker ants
  2 hound zombies (D:11)
  A hound skeleton (D:6)
  18 adders
  11 gnolls
  5 shadow imps
  An adder zombie (D:6)
  An adder skeleton (D:5)
  A worm (D:3)
  3 dart slugs (D:1)
  8 leopard geckos
  54 orcs
  A ball python (D:2)
  3 giant cockroaches
  15 goblins
  6 hobgoblins
  7 jackals
  18 kobolds
  7 quokkas
  7 bats
  5 frilled lizards
  A quokka skeleton (D:8)
  4 rats
  A plant (D:11)
422 creatures vanquished.

Vanquished Creatures (others)
  A hippogriff (D:14)
  2 yaks (D:11)
  An orc (D:10)
4 creatures vanquished.

Grand Total: 426 creatures vanquished

Notes
Turn   | Place    | Note
-------+----------+-------------------------------------------
     0 | D:1      | no the Minotaur Monk began the quest for the Orb.
     0 | D:1      | Reached XP level 1. HP: 19/19 MP: 0/0
   317 | D:1      | Reached skill level 4 in Axes
   358 | D:1      | Reached XP level 2. HP: 27/27 MP: 1/1
   796 | D:2      | Found a hide-covered altar of Uskayaw.
   828 | D:2      | Reached XP level 3. HP: 29/33 MP: 2/2
   883 | D:2      | Found a bloodstained altar of Trog.
  1006 | D:2      | Became a worshipper of Trog the Wrathful
  1006 | D:2      | Reached * piety under Trog
  1006 | D:2      | Reached ** piety under Trog
  1049 | D:2      | Found a shadowy altar of Dithmenos.
  1058 | D:2      | Reached skill level 5 in Axes
  1324 | D:2      | Found a glowing golden altar of the Shining One.
  1367 | D:2      | Found an ornate altar of the Wu Jian Council.
  1446 | D:2      | Reached XP level 4. HP: 38/40 MP: 3/3
  1962 | D:3      | Reached XP level 5. HP: 41/47 MP: 4/4
  1968 | D:3      | Reached skill level 6 in Axes
  2441 | D:4      | Noticed a phantom
  2459 | D:4      | Killed a phantom
  2459 | D:4      | Reached *** piety under Trog
  2459 | D:4      | Reached skill level 1 in Armour
  2459 | D:4      | Reached XP level 6. HP: 37/55 MP: 5/5
  2659 | D:4      | Reached skill level 7 in Axes
  3048 | D:5      | Entered Level 5 of the Dungeon
  3081 | D:5      | Reached skill level 5 in Fighting
  3168 | D:5      | Found a white marble altar of Elyvilon.
  3345 | D:5      | Reached XP level 7. HP: 38/61 MP: 6/6
  3420 | D:5      | Reached skill level 8 in Axes
  3575 | D:5      | Reached skill level 1 in Shields
  3782 | D:5      | Noticed Menkaure
  3793 | D:5      | Killed Menkaure
  3990 | D:5      | Noticed a two-headed ogre
  4005 | D:5      | Killed a two-headed ogre
  4005 | D:5      | Reached skill level 10 in Axes
  4005 | D:5      | Reached skill level 5 in Dodging
  4005 | D:5      | Reached XP level 8. HP: 14/70 MP: 7/7
  4321 | D:5      | Found a sacrificial altar of Ru.
  4321 | D:5      | Found an ancient bone altar of Kikubaaqudgha.
  4504 | D:6      | Reached skill level 5 in Armour
  4521 | D:6      | Got a twisted hunting sling
  4522 | D:6      | Identified the +9 hunting sling "Gamal" {velocity, -Tele
                  | rN+ MR+ Str+2} (You found it on level 6 of the Dungeon)
  4536 | D:6      | Reached XP level 9. HP: 32/78 MP: 8/8
  4807 | D:6      | Found a staircase to the Ecumenical Temple.
  4807 | D:6      | Noticed Duvessa
  4807 | D:6      | Noticed Dowan
  4815 | D:6      | Killed Duvessa
  4828 | D:6      | Killed Dowan
  4869 | D:6      | Found a blossoming altar of Fedhas.
  4915 | D:6      | Noticed Edmund
  4916 | D:6      | Found a snail-covered altar of Cheibriados.
  4928 | D:6      | Killed Edmund
  4931 | D:6      | Reached **** piety under Trog
  4955 | D:6      | Reached skill level 11 in Axes
  5158 | D:6      | Found a stormy altar of Qazlal.
  5319 | D:7      | Found Apesemer's Distillery.
  5325 | D:7      | Bought a potion of might for 44 gold pieces
  5325 | D:7      | Bought a potion of might for 44 gold pieces
  5325 | D:7      | Bought a potion of might for 44 gold pieces
  5325 | D:7      | Bought a potion of flight for 33 gold pieces
  5325 | D:7      | Bought a potion of curing for 33 gold pieces
  5334 | D:7      | Found a radiant altar of Vehumet.
  5609 | D:7      | Reached skill level 5 in Shields
  5673 | D:7      | Found a hazy altar of Hepliaklqana.
  6166 | D:8      | Noticed a two-headed ogre
  6178 | D:8      | Killed a two-headed ogre
  6178 | D:8      | Reached skill level 12 in Axes
  6366 | D:8      | Reached XP level 10. HP: 56/88 MP: 9/9
  6950 | D:8      | Found a staircase to the Lair.
  7622 | D:9      | Got a faintly glowing glass ring
  7623 | D:9      | Identified the ring of Tempters {+Blink rC+ Dex+8 Slay-4}
                  | (You found it on level 9 of the Dungeon)
  8063 | D:9      | Noticed a two-headed ogre
  8083 | D:9      | Killed a two-headed ogre
  8083 | D:9      | Reached skill level 13 in Axes
  8401 | D:9      | Reached ***** piety under Trog
  8423 | D:9      | Found a staircase to the Orcish Mines.
  8851 | D:10     | Entered Level 10 of the Dungeon
  8909 | D:10     | Killed an unseen horror
  9006 | D:10     | Noticed a two-headed ogre
  9017 | D:10     | Killed a two-headed ogre
  9017 | D:10     | Reached XP level 11. HP: 41/97 MP: 10/10
  9055 | D:10     | Noticed a two-headed ogre
  9068 | D:10     | Killed a two-headed ogre
  9226 | D:10     | Killed an unseen horror
  9289 | D:10     | Reached skill level 1 in Evocations
  9559 | D:10     | Reached skill level 10 in Fighting
  9579 | D:10     | Found a flagged portal.
  9592 | Bailey   | Entered a bailey
  9626 | Bailey   | Noticed an orc warlord
  9756 | Bailey   | Found a runed gate.
  9774 | Bailey   | Found a runed gate.
  9774 | Bailey   | Found a runed gate.
 10050 | Bailey   | Killed an orc warlord
 10050 | Bailey   | Reached skill level 14 in Axes
 10069 | Bailey   | Identified a scroll of acquirement
 10417 | D:11     | Found Vatwadosch's Assorted Antiques.
 10462 | D:11     | Received a gift from Trog
 10462 | D:11     | Reached skill level 10 in Shields
 10493 | D:11     | Bought a scroll labeled AFIYTELL NACAB for 28 gold pieces
 10505 | D:11     | Found Roasch's Jewellery Boutique.
 10505 | D:11     | Noticed a two-headed ogre
 10732 | D:11     | Killed a two-headed ogre
 10732 | D:11     | Reached skill level 15 in Axes
 11242 | D:11     | Found Yxkajebut's Jewellery Shoppe.
 11246 | D:11     | Found Qesinwit's Book Emporium.
 11281 | D:11     | Reached XP level 12. HP: 106/106 MP: 4/12
 11516 | D:11     | Reached skill level 16 in Axes
 11607 | D:11     | Found Xaublas's Antique Weapon Emporium.
 11618 | D:11     | Found a stormy altar of Qazlal.
 12043 | D:13     | Reached skill level 17 in Axes
 12046 | D:13     | Received a gift from Trog
 12333 | D:12     | Noticed a two-headed ogre
 12335 | D:12     | Noticed a two-headed ogre
 12342 | D:12     | Killed a two-headed ogre
 12348 | D:12     | Killed a two-headed ogre
 12372 | D:12     | Reached skill level 18 in Axes
 12442 | D:12     | Found a labyrinth entrance.
 12695 | D:12     | Noticed a two-headed ogre
 12704 | D:12     | Killed a two-headed ogre
 12969 | D:12     | Found a hazy altar of Hepliaklqana.
 12972 | D:12     | Found the macabre finger necklace {rN+}
 13050 | D:13     | Found Xushryvu's Weapon Emporium.
 13109 | D:13     | Found Foxzif's Book Shoppe.
 13284 | D:13     | Noticed a centaur warrior
 13289 | D:13     | Killed a centaur warrior
 13301 | D:13     | Found Otiat's Jewellery Boutique.
 13313 | D:13     | Noticed a vault guard
 13313 | D:13     | Noticed a vault guard
 13313 | D:13     | Noticed a vault guard
 13313 | D:13     | Noticed a vault guard
 13314 | D:13     | Found a gate to the Vaults.
 13314 | D:13     | Noticed a vault guard
 13314 | D:13     | Noticed a vault guard
 13314 | D:13     | Noticed a vault guard
 13314 | D:13     | Noticed a vault guard
 13326 | D:13     | Killed a vault guard
 13327 | D:13     | Killed a vault guard
 13327 | D:13     | Reached XP level 13. HP: 111/113 MP: 13/13
 13333 | D:13     | Reached skill level 19 in Axes
 13421 | D:13     | Found Zokkacog's Gadget Boutique.
 13449 | D:13     | Got a steaming chain mail
 13460 | D:13     | Identified the cursed +0 chain mail of Momief {*Corrode
                  | rF++ Int+7 Slay+3} (You found it on level 13 of the
                  | Dungeon)
 13606 | D:13     | Found Reuwuto's Gadget Shop.
 13761 | D:13     | Received a gift from Trog
 13885 | D:13     | Reached skill level 20 in Axes
 14424 | D:14     | Found a burning altar of Makhleb.
 14433 | D:14     | Noticed Snorg
 14439 | D:14     | Killed Snorg
 14540 | D:14     | Noticed a fire dragon
 14928 | D:13     | Got a faintly glowing ivory ring
 15141 | D:14     | Received a gift from Trog
 15149 | D:14     | Reached skill level 21 in Axes
 15159 | D:14     | HP: 5/113 [manticore (2)]
 15161 | D:14     | Slain by a manticore

Vault maps used:
D:1:      roderic_dead_forest
D:2:      old_standard_altar, nicolae_overflow_hidden_temple,
          overflow_temple_1_default, nicolae_dithmenos_shadow_blocks,
          nicolae_tso_carved_into_rock
D:3:      first_ration
D:4:      serial_park_tiny_1
D:5:      elyvilon_altar_1, gammafunk_temple_overflow_wave,
          kennysheep_cross_room, uniq_menkaure
D:6:      kennysheep_mini, overflow_temple_1_default, fedhas_altar_fruit_tree,
          minmay_temple_entry_overgrown, uniq_edmund, uniq_duvessa
D:7:      vehumet_crystals, old_standard_altar, serial_shops, shop_statue
D:8:      erik_lair_dragon
D:9:      orc_0_dummy
D:10:     enter_bailey_7
D:11:     serial_shops, shop_fountains, nicolae_shop_window_shopping,
          nicolae_shop_crystal, nicolae_shop_overgrown_old_shop,
          nicolae_shop_stone, special_room, grunt_pizzeria,
          nicolae_qazlal_style_of_elements
D:12:     basic_altar, lab_entry_generic
D:13:     erik_vaults_2, serial_shops, shop,
          nicolae_shop_temple_entry_statues_fountains, kennysheep_mini_moat,
          shop, shop
D:14:     minmay_heptahexagon, basic_altar, uniq_snorg
Bailey:   bailey_axe_bossmonster_kennysheep, bailey

Skill      XL: |  1  2  3  4  5  6  7  8  9 10 11 12 13 |
---------------+----------------------------------------+-----
Axes           | 4 5 6 7 10 12 13 15 18 21 | 21.1
Fighting       | 4 5 6 7 9 10 | 10.3
Dodging        | 4 5 6 7 |  7.3
Armour         | 1 2 4 5 6 7 |  7.2
Shields        | 2 3 6 8 10 | 10.0
Evocations     | 1 |  1.4
Stealth        | |  1.5

Action                   |  1- 3 |  4- 6 |  7- 9 | 10-12 | 13-15 || total
-------------------------+-------+-------+-------+-------+-------++-------
Melee: Hand axe          |    73 |   109 |   280 |   592 |   191 ||  1245
       Headbutt          |     2 |    18 |    62 |   208 |    51 ||   341
       War axe           |       |       |       |   294 |     8 ||   302
Evoke: Wand              |       |       |     2 |    19 |     1 ||    22
  Use: Potion            |       |       |       |     7 |     3 ||    10
       Scroll            |       |       |       |    20 |     4 ||    24
 Stab: Sleeping          |     5 |       |       |     5 |       ||    10
  Eat: Chunk             |     2 |     6 |     9 |    27 |     6 ||    50
Armor: Robe              |    15 |       |       |       |       ||    15
       Ring mail         |       |    28 |    65 |   109 |       ||   202
       Fire dragon scale |       |       |       |    88 |     2 ||    90
       Chain mail        |       |       |       |       |    66 ||    66
Dodge: Dodged            |    40 |    66 |    97 |   281 |    51 ||   535
Block: Shield            |       |       |   100 |   397 |   108 ||   605

Table legend:
 A = Non-vault XP
 B = Vault XP
 C = Vault XP percentage of total XP
 D = Non-vault monster count
 E = Vault monster count
 F = Vault count percentage of total count
                 A         B        C        D         E       F
            +---------+---------+-------+---------+---------+-------
      Total |   41293 |   18227 |  30.6 |     339 |      82 |  19.5
            +---------+---------+-------+---------+---------+-------
        D:1 |      32 |       0 |   0.0 |      15 |       0 |   0.0
        D:2 |      65 |       0 |   0.0 |      23 |       0 |   0.0
        D:3 |     205 |       0 |   0.0 |      28 |       0 |   0.0
        D:4 |     196 |       0 |   0.0 |       6 |       0 |   0.0
        D:5 |    1637 |     172 |   9.5 |      23 |       1 |   4.2
        D:6 |    1361 |     382 |  21.9 |      32 |       3 |   8.6
        D:7 |     348 |       0 |   0.0 |       5 |       0 |   0.0
        D:8 |    1174 |    1253 |  51.6 |       9 |       6 |  40.0
        D:9 |    3214 |       0 |   0.0 |      47 |       0 |   0.0
       D:10 |    5818 |      32 |   0.5 |      25 |       4 |  13.8
       D:11 |    7966 |    1505 |  15.9 |      57 |      27 |  32.1
       D:12 |    6870 |       0 |   0.0 |      26 |       0 |   0.0
       D:13 |    7591 |    8329 |  52.3 |      32 |      10 |  23.8
       D:14 |    4816 |    4325 |  47.3 |      11 |      10 |  47.6
     Bailey |       0 |    2229 | 100.0 |       0 |      21 | 100.0
            +---------+---------+-------+---------+---------+-------
